 Dungeon Crawl Stone Soup version 0.25-a0-177-gd145f35b4e (webtiles) character file.

Game seed: 8446387426083831153, levelgen mode: deterministic

451 RedPan the Chiller (level 6, 0/45 HPs)
             Began as a Draconian Ice Elementalist on Nov 26, 2019.
             Was an Initiate of Sif Muna.
             Slain by a worm (4 damage)
             ... on level 5 of the Dungeon.
             The game lasted 00:06:33 (4468 turns).

RedPan the Chiller (Draconian Ice Elementalist)     Turns: 4468, Time: 00:06:34

Health: 0/45       AC:  6    Str: 10    XL:     6   Next: 75%
Magic:  3/12       EV: 12    Int: 17    God:    Sif Muna [......]
Gold:   243        SH:  0    Dex: 12    Spells: 8/13 levels left

rFire    x . .     SeeInvis .   f - +3 dagger
rCold    + . .     Gourm    .   (no shield)
rNeg     . . .     Faith    .   (armour unavailable)
rPois    .         Spirit   .   (helmet restricted)
rElec    .         Reflect  .   (no cloak)
rCorr    .         Harm     .   (no gloves)
MR       .....                  (no boots)
Stlth    ++........             (no amulet)
HPRegen  0.15/turn              i - ring of ice (curse)
MPRegen  0.13/turn              (no ring)

@: no status effects
A: unfitting armour, cold-blooded, AC +6
a: Renounce Religion


You were on level 5 of the Dungeon.
You worshipped Sif Muna.
Sif Muna was noncommittal.
You were not hungry.

You visited 1 branch of the dungeon, and saw 5 of its levels.

You collected 243 gold pieces.

Inventory:

Hand Weapons
 f - a +3 dagger (weapon)
Jewellery
 i - a cursed ring of ice (left hand)
Scrolls
 d - 2 scrolls of remove curse
 j - a scroll of fear
 n - a scroll of blinking {unknown}
Potions
 a - a potion of ambrosia
 c - a potion of curing {unknown}
 e - 2 potions of might
 g - a potion of invisibility {unknown}
 h - a potion of flight {unknown}
 k - a potion of magic {unknown}
 m - a potion of agility {unknown}
Comestibles
 b - 10 rations
 l - 3 chunks of flesh


   Skills:
 - Level 2.0 Dodging
 - Level 2.0 Stealth
 + Level 4.4 Spellcasting
   Level 1.0 Conjurations
 + Level 2.6 Summonings
 + Level 5.3 Ice Magic


You had 8 spell levels left.
You knew the following spells:

 Your Spells              Type           Power        Failure   Level  Hunger
a - Freeze                Ice            ####         1%          1    None
b - Summon Ice Beast      Ice/Summ       ####....     28%         4    ####...

Your spell library contained the following spells:

 Spells                   Type           Power        Failure   Level  Hunger
 Throw Frost              Conj/Ice       ###...       6%          2    ##.....
 Ozocubu's Armour         Chrm/Ice       ###.....     16%         3    ###....
 Throw Icicle             Conj/Ice       ###.....     38%         4    ####...


Dungeon Overview and Level Annotations

Branches:
Dungeon (5/15)
 Temple: D:4-7

Altars:
Hepliaklqana
Kikubaaqudgha
Makhleb
Qazlal
Sif Muna
Trog
Uskayaw
Zin

Annotations:
D:5 1 runed translucent door, Gargoyl's ghost, novice CeAK


Innate Abilities, Weirdness & Mutations

Your plain brown scales are hard. (AC +6)
You cannot fit into any form of body armour.
You are cold-blooded and may be slowed by cold attacks.


Message History

You feel a surge of power!
You freeze the worm.
The worm is heavily wounded.
Casting: Freeze (safe; 1% risk of failure)
Confirm with . or Enter, or press ? or * to list all spells.
Aiming: Freeze (safe; 1% risk of failure)
Press: ? - help, Shift-Dir - straight line, f/p - worm
Aim: a worm (heavily wounded)
You feel a surge of power!
You freeze the worm.
The worm is severely wounded.
The worm bites you.
* * * LOW HITPOINT WARNING * * *
Casting: Freeze (safe; 1% risk of failure)
Confirm with . or Enter, or press ? or * to list all spells.
Aiming: Freeze (safe; 1% risk of failure)
Press: ? - help, Shift-Dir - straight line, f/p - worm
Aim: a worm (heavily wounded)
You feel a surge of power!
You freeze the worm.
The worm is almost dead.
The worm bites you.
You die...

#........#y#._..####
#...##...###...)##..
#...##....#....##...
#.÷..#.......).##...
#....##.......##....
#..(..##....####....
#.....######## #....
+..w..# #.# #....
#.#@### #.####...
#.#.# #....#...
#.#.## ####.....
#....#### ##.###
#.......## ###≈≈
#.#.###..# #≈≈≈
#.#.. ##.## ####≈≈.
..... #.(# #..'...
...... ##.####.##≈≈.


You could see a worm.

Vanquished Creatures
  A sky beast (D:5)
  A scorpion (D:4)
  A crimson imp (D:3)
  2 hounds
  An orc wizard (D:5)
  Robin (D:2)
  5 gnolls
  4 adders
  An ooze (D:1)
  2 adder skeletons (D:4)
  3 worms
  A leopard gecko (D:4)
  6 orcs
  A ball python (D:2)
  3 bats
  3 giant cockroaches
  14 goblins
  10 hobgoblins
  7 jackals
  3 quokkas
  3 frilled lizards
  A jackal skeleton (D:4)
  2 kobolds (D:2)
  A leopard gecko skeleton (D:5)
  A quokka skeleton (D:5)
  5 rats
83 creatures vanquished.

Vanquished Creatures (others)
  A withered plant (D:5)
1 creature vanquished.

Grand Total: 84 creatures vanquished

Notes
Turn   | Place    | Note
-------+----------+-------------------------------------------
     0 | D:1      | RedPan the Draconian Ice Elementalist began the quest for
                  | the Orb.
     0 | D:1      | Reached XP level 1. HP: 14/14 MP: 3/3
    49 | D:1      | Reached XP level 2. HP: 9/20 MP: 0/5
   620 | D:1      | Reached XP level 3. HP: 25/26 MP: 4/6
   954 | D:2      | Found a hide-covered altar of Uskayaw.
  1666 | D:2      | Reached XP level 4. HP: 10/33 MP: 2/8
  1669 | D:2      | Reached skill level 4 in Ice Magic
  2081 | D:2      | Noticed Robin
  2186 | D:2      | Killed Robin
  2495 | D:2      | Learned a level 4 spell: Summon Ice Beast
  2543 | D:2      | Reached XP level 5. HP: 38/38 MP: 8/10
  2990 | D:3      | Found an ancient bone altar of Kikubaaqudgha.
  3074 | D:3      | Found a burning altar of Makhleb.
  3138 | D:3      | Reached skill level 1 in Summonings
  3164 | D:3      | Found a hazy altar of Hepliaklqana.
  3257 | D:4      | Found a stormy altar of Qazlal.
  3258 | D:4      | Noticed a fire elemental
  3260 | D:4      | Noticed a water elemental
  3260 | D:4      | Noticed an air elemental
  3483 | D:4      | Found a glowing silver altar of Zin.
  3628 | D:4      | Reached XP level 6. HP: 35/45 MP: 4/12
  3912 | D:5      | Entered Level 5 of the Dungeon
  4027 | D:4      | Reached skill level 5 in Ice Magic
  4200 | D:5      | Noticed a sky beast
  4214 | D:5      | Killed a sky beast
  4320 | D:5      | Found a runed translucent door.
  4321 | D:5      | Noticed Gargoyl's ghost (novice CeAK)
  4382 | D:5      | Found a shimmering blue altar of Sif Muna.
  4388 | D:5      | Became a worshipper of Sif Muna the Loreminder
  4419 | D:5      | Noticed a moth of wrath
  4422 | D:5      | Found a bloodstained altar of Trog.
  4468 | D:5      | Slain by a worm

Levels and vault maps discovered:
D:1:      saegor_arrival_simple_b, layout_rooms, kennysheep_doodads
D:2:      layout_loops_corners, eat_drink_and_be_merry_uskayaw, first_ration,
          kennysheep_generic_room_13, uniq_robin
D:3:      layout_basic, nicolae_overflow_hidden_temple,
          overflow_temple_1_default, makhleb_heckhound_becter
D:4:      layout_loops_cross, zin_academy, nicolae_qazlal_style_of_elements
D:5:      layout_rooms, led_sif_pool, tgw_trog, gammafunk_ghost_grave,
          corexii_hall_statues_deadend, minmay_door_square

Skill      XL: |  1  2  3  4  5  6 |
---------------+-------------------+-----
Dodging        | 2 |  2.0
Stealth        | 2 |  2.0
Spellcasting   | 3 4 |  4.4
Ice Magic      | 4 5 |  5.3
Summonings     | 2 |  2.6
Conjurations   | |  1.0

Action                   |  1- 3 |  4- 6 || total
-------------------------+-------+-------++-------
Melee: Unarmed           |     1 |       ||     1
       Whip              |    17 |       ||    17
       Tailslap          |     5 |     7 ||    12
       Dagger            |    23 |    77 ||   100
 Cast: Freeze            |    42 |    82 ||   124
  Use: Scroll            |     2 |     6 ||     8
 Stab: Sleeping          |     2 |     3 ||     5
  Eat: Chunk             |     2 |     9 ||    11
Armor: Skin              |    17 |    57 ||    74
Dodge: Dodged            |    40 |    83 ||   123

Table legend:
 A = Non-vault XP
 B = Vault XP
 C = Vault XP percentage of total XP
 D = Non-vault monster count
 E = Vault monster count
 F = Vault count percentage of total count
                 A         B        C        D         E       F
            +---------+---------+-------+---------+---------+-------
      Total |     556 |      89 |  13.8 |      65 |      18 |  21.7
            +---------+---------+-------+---------+---------+-------
        D:1 |      42 |       0 |   0.0 |      13 |       0 |   0.0
        D:2 |     116 |      38 |  24.7 |      22 |      13 |  37.1
        D:3 |      52 |      43 |  45.3 |       3 |       1 |  25.0
        D:4 |     164 |       0 |   0.0 |      18 |       0 |   0.0
        D:5 |     182 |       8 |   4.2 |       9 |       4 |  30.8
            +---------+---------+-------+---------+---------+-------
